 Dungeon Crawl Stone Soup version 0.27.1-3-gb3d3a73c9e (webtiles) character file.

Game seed: 2297530992520788128

49 Jawa73 the Firebug (level 3, 0/22 HPs)
             Began as an Octopode Fire Elementalist on Oct 20, 2021.
             Succumbed to an adder's poison
             ... on level 2 of the Dungeon.
             The game lasted 00:03:11 (1338 turns).

Jawa73 the Firebug (Octopode Fire Elementalist)     Turns: 1338, Time: 00:03:11

Health: 0/22       AC:  1    Str:  4 (7)  XL:     3   Next: 75%
Magic:  3/6        EV: 13    Int: 17 (18) God:
Gold:   44         SH:  0    Dex: 10 (12) Spells: 5/6 levels left

rFire    . . .     SeeInvis .   (no weapon)
rCold    . . .     Faith    .   (no shield)
rNeg     . . .     Spirit   .   (helmet restricted)
rPois    .         Reflect  .   a - amulet of the acrobat
rElec    .         Harm     .   (no ring)
rCorr    .         Rampage  .   (no ring)
Will     .....                  (no ring)
Stlth    +++.......             (no ring)
HPRegen  0.07/turn              (no ring)
MPRegen  0.10/turn              (no ring)
                                (no ring)
                                (no ring)

@: lethally poisoned (0 -> -6), flying, very slightly contaminated
A: almost no armour, amphibious, 8 rings, camouflage 1, gelatinous body 1,
(nimble swimmer 1), tentacles
a: no special abilities


You were on level 2 of the Dungeon.
You visited 1 branch of the dungeon, and saw 2 of its levels.

You collected 44 gold pieces.

Inventory:

Jewellery
 a - an amulet of the acrobat (around mantle)
Wands
 e - a wand of flame (21)
Scrolls
 d - a scroll of amnesia


   Skills:
 * Level 0.8 Fighting
 * Level 2.2 Dodging
 - Level 2.6 Stealth
 * Level 2.3 Spellcasting
 * Level 1.3 Conjurations
 * Level 3.8 Fire Magic


You had 5 spell levels left.
You knew the following spells:

 Your Spells              Type           Power      Damage    Failure   Level
a - Foxfire               Conj/Fire      40%        2x1d6     6%          1

Your spell library contained the following spells:

 Spells                   Type           Power      Damage    Failure   Level
 Conjure Flame            Conj/Fire      10%        6-21      19%         3
 Inner Flame              Hex/Fire       8%         N/A       26%         3
 Sticky Flame             Conj/Fire      10%        2d3       54%         4
 Fireball                 Conj/Fire      5%         3d5       87%         5


Dungeon Overview and Level Annotations

Branches:
Dungeon (2/15)

Altars:


Innate Abilities, Weirdness & Mutations

You cannot wear most types of armour.
You are amphibious.
You can wear up to eight rings at the same time.
Your skin changes colour to match your surroundings (Stealth+).
Your rubbery body absorbs attacks. (AC +1, EV +1)
((You are camouflaged near water. (Stealth+)))
You have tentacles for arms and can constrict up to eight enemies at once.


Message History

Press: ? - help, Q - select action, (/) - cycle Dir - look around, f - activate You miscast Foxfire.
You are very lightly contaminated with residual magic.
Nothing appears to happen.
The adder bites you.
You are poisoned.
The adder poisons you! The rat closely misses you.
You tentacle-slap the rat but do no damage.
Your grab misses the rat.
You feel sick. The adder bites you.
You are lethally poisoned!
The adder poisons you! The rat barely misses you.
Casting: Foxfire (safe; 6% risk of failure)
Press: ? - help, Q - select action, (/) - cycle Dir - look around, f - activate
Okay, then.
It was a potion of heal wounds.
You feel much better.
You feel very sick. The adder bites you.
You are more poisoned.
The adder poisons you! The rat bites you but does no damage.
The adder bites you.
Casting: Foxfire (safe; 6% risk of failure)
Press: ? - help, Q - select action, (/) - cycle Dir - look around, f - activate You conjure some foxfire!
You feel sick. The adder misses you. The rat bites you.
It was a potion of flight.
You feel very buoyant.
You fly up into the air.
You feel sick.
The foxfire hits the adder.
The adder is almost dead.
The foxfire hits the rat.
You kill the rat!
The adder bites you.
* * * LOW HITPOINT WARNING * * *
It was a potion of degeneration.
There was something very wrong with that liquid.
You feel weakened.
You feel dopey.
You feel clumsy.
* * * LOW HITPOINT WARNING * * *
You feel sick. The adder misses you.
You tentacle-slap the adder.
You kill the adder!
You die...

#....# #.
#....# ####.#
#.# ## #.# ..#
.######.# ...#
........# ....#
........#......
......†@.....#
.###.........#
#.........#
#.........#
#.....#####
#.....# #.....#
#######


There were no monsters in sight!

Vanquished Creatures
  Jessica (D:2)
  An adder (D:2)
  A worm (D:2)
  2 bats (D:2)
  3 endoplasms
  3 goblins
  3 hobgoblins (D:1)
  2 frilled lizards (D:1)
  A kobold (D:1)
  3 rats
20 creatures vanquished.

Vanquished Creatures (others)
  50 foxfires
  A fungus (D:1)
51 creatures vanquished.

Grand Total: 71 creatures vanquished

Notes
Turn   | Place    | Note
-------+----------+-------------------------------------------
     0 | D:1      | Jawa73 the Octopode Fire Elementalist began the quest for
                  | the Orb.
     0 | D:1      | Reached XP level 1. HP: 11/11 MP: 3/3
   515 | D:1      | Found a faded altar of an unknown god.
   591 | D:1      | Reached XP level 2. HP: 17/17 MP: 5/5
  1183 | D:2      | Noticed Jessica
  1191 | D:2      | Killed Jessica
  1192 | D:2      | Reached XP level 3. HP: 22/22 MP: 2/6
  1337 | D:2      | HP: 1/22 [poisoned by an adder]
  1338 | D:2      | Succumbed to an adder's poison

Illustrated notes

Levels and vault maps discovered:
D:1:      lemuel_arrival_rhombus, layout_basic, dreamdust_ecumenical_altar_grove
D:2:      layout_basic, basic_altar, uniq_sigmund, uniq_crazy_yiuf_cottage,
          uniq_jessica

Action                   || total
-------------------------++-------
Melee: Unarmed           ||    17
       Tentacles         ||     3
       Constrict         ||     4
 Cast: Foxfire           ||    30
  Use: Scroll            ||     1
       Potion            ||     3
 Stab: Sleeping          ||     2
Armor: Skin              ||     3
Dodge: Dodged            ||    20
